SAAA
ALLOWAY HALBERDS @ PENNSAUKEN FLYERS
05/06/2034
 
TOP OF THE 1ST
Alloway Halberds batting - Pitching for Pennsauken Flyers : RHP Jeren Kendall
Pitching: RHP Jeren Kendall
Batting: RHB Bass Reeves 0-0: Ball
1-0: Foul Ball, location: 2F
1-1: Ball
2-1: Ball
3-1: Base on Balls
Batting: RHB Cisco Hernández 0-0: Called Strike
0-1: Ball
1-1: Fielders Choice at 2nd, 6-4 (Groundball, 56)
Batting: LHB Mike Clifton 0-0: Called Strike
0-1: Ball
1-1: Ball
2-1: SINGLE (Line Drive, 6M)
Cisco Hernández to second
Batting: RHB Manny Gonzáles 0-0: Reached on error, E3 (Groundball, 34)
Cisco Hernández to third
Mike Clifton to second
Batting: LHB José Zarate 0-0: Grounds into double play, 6-4-3 (Groundball, 6)
Top of the 1st over - 0 runs, 1 hit, 1 error, 2 left on base; Alloway 0 - Pennsauken 0
BOTTOM OF THE 1ST
Pennsauken Flyers batting - Pitching for Alloway Halberds : RHP Joe Martarano
Pitching: RHP Joe Martarano
Batting: RHB Leo Cadden 0-0: Ground out 6-3 (Groundball, 6)
Pitching: RHP Ryan Dull
Batting: LHB Ignacio Martínez 0-0: Ball
1-0: DOUBLE (Line Drive, 89D)
Batting: RHB José Rodríguez 0-0: Fly out, F7 (Flyball, 7S)
Batting: LHB Arana Sashi 0-0: Ball
1-0: Ball
2-0: Called Strike
2-1: Called Strike
2-2: Fly out, F7 (Flyball, 7LMF)
Bottom of the 1st over - 0 runs, 1 hit, 0 errors, 1 left on base; Alloway 0 - Pennsauken 0
TOP OF THE 2ND
Alloway Halberds batting - Pitching for Pennsauken Flyers : RHP Jeren Kendall
Batting: RHB Carlos De Jesús 0-0: Called Strike
0-1: Called Strike
0-2: Ball
1-2: Ground out 6-3 (Groundball, 6M)
Batting: RHB Juan Salinas 0-0: Called Strike
0-1: Ground out 4-3 (Groundball, 4M)
Batting: RHB Carlos Ramírez 0-0: Called Strike
0-1: Ball
1-1: Ground out U3 (Groundball, 34)
Top of the 2nd over - 0 runs, 0 hits, 0 errors, 0 left on base; Alloway 0 - Pennsauken 0
BOTTOM OF THE 2ND
Pennsauken Flyers batting - Pitching for Alloway Halberds : RHP Ryan Dull
Batting: SHB Chris Williamson 0-0: Ball
1-0: Ball
2-0: Foul Ball, location: 2F
2-1: Ball
3-1: Swinging Strike
3-2: Foul Ball, location: 2F
3-2: Strikes out swinging
Batting: RHB Raúl Moreno 0-0: Foul Ball, location: 2F
0-1: Ball
1-1: Ball
2-1: Foul Ball, location: 2F
2-2: Foul Ball, location: 2F
2-2: Ball
3-2: Foul Ball, location: 2F
3-2: Base on Balls
Batting: RHB Clarence Therrien 0-0: Called Strike
0-1: Ball
1-1: Called Strike
1-2: Foul Ball, location: 2F
1-2: Strikes out looking
Batting: RHB Roy McFerran 0-0: Called Strike
0-1: Ball
1-1: Ball
2-1: Called Strike
2-2: Fly out, F7 (Flyball, 78S)
Bottom of the 2nd over - 0 runs, 0 hits, 0 errors, 1 left on base; Alloway 0 - Pennsauken 0
TOP OF THE 3RD
Alloway Halberds batting - Pitching for Pennsauken Flyers : RHP Jeren Kendall
Batting: RHB Octávio Beltzán 0-0: Ball
1-0: Ground out 1-3 (Groundball, 13S)
Batting: RHB Bass Reeves 0-0: Foul Ball, location: 2F
0-1: Hit by Pitch
Batting: RHB Cisco Hernández 0-0: Called Strike
0-1: Called Strike
0-2: SINGLE (Groundball, 56D)
Bass Reeves to second
Batting: LHB Mike Clifton 0-0: Ball
1-0: Ball
2-0: Called Strike
2-1: Swinging Strike
2-2: Fielders Choice at 2nd, 3-6 (Groundball, 34)
Bass Reeves to third
Batting: RHB Manny Gonzáles 0-0: Ball
1-0: Ball
2-0: Swinging Strike
2-1: Ball
3-1: Reached on error, E6 (Groundball, 6)
Bass Reeves scores
Mike Clifton to second
Batting: LHB José Zarate 0-0: Ball
1-0: Foul Ball, location: 2F
1-1: Called Strike
1-2: Fly out, F5 (Popup, 56)
Top of the 3rd over - 1 run, 1 hit, 1 error, 2 left on base; Alloway 1 - Pennsauken 0
BOTTOM OF THE 3RD
Pennsauken Flyers batting - Pitching for Alloway Halberds : RHP Ryan Dull
Batting: RHB Raúl Javier Jr. 0-0: Ball
1-0: Ball
2-0: Foul Ball, location: 2F
2-1: Ball
3-1: Called Strike
3-2: SINGLE (Line Drive, 9S)
Batting: RHB Leo Cadden 0-0: Ball
1-0: Ball
2-0: Swinging Strike
2-1: Ball
3-1: Called Strike
3-2: Foul Ball, location: 2F
3-2: SINGLE (Line Drive, 8LS)
Raúl Javier Jr. to second
Batting: LHB Ignacio Martínez 0-0: Ball
1-0: Ball
2-0: Ball
3-0: Base on Balls
Raúl Javier Jr. to third
Leo Cadden to second
Batting: RHB José Rodríguez 0-0: Called Strike
0-1: Foul Ball, location: 2F
0-2: Ball
1-2: Hit by Pitch
Raúl Javier Jr. scores
Leo Cadden to third
Ignacio Martínez to second
Batting: LHB Arana Sashi 0-0: Foul Ball, location: 2F
0-1: SINGLE (Groundball, 6MD)
Leo Cadden scores
Ignacio Martínez to third
José Rodríguez to second
Batting: SHB Chris Williamson 0-0: Called Strike
0-1: Foul Ball, location: 2F
0-2: Ball
1-2: GRAND SLAM HOME RUN (Flyball, 9LD), Distance : 334 ft
Pitching: RHP Martin Besnier
Batting: RHB Raúl Moreno 0-0: SINGLE (Line Drive, 89S)
Batting: RHB Clarence Therrien 0-0: Swinging Strike
0-1: Ball
1-1: Foul Ball, location: 2F
1-2: Foul Ball, location: 2F
1-2: Foul Ball, location: 2F
1-2: Ball
2-2: SINGLE (Line Drive, 4MD)
Raúl Moreno to second
Batting: RHB Roy McFerran 0-0: Ball
1-0: Ball
2-0: Ball
3-0: Base on Balls
Raúl Moreno to third
Clarence Therrien to second
Batting: RHB Raúl Javier Jr. 0-0: Ball
1-0: Ball
2-0: Ball
3-0: Called Strike
3-1: Base on Balls
Raúl Moreno scores
Clarence Therrien to third
Roy McFerran to second
Batting: RHB Leo Cadden 0-0: Called Strike
0-1: Ball
1-1: Ball
Wild Pitch!
Clarence Therrien scores
Roy McFerran to third
Raúl Javier Jr. to second
2-1: Ball
3-1: Foul Ball, location: 2F
3-2: Ground out 5-3 (Groundball, 5S)
Batting: LHB Ignacio Martínez 0-0: Ground out U3 (Groundball, 3)
Batting: RHB José Rodríguez 0-0: Ball
1-0: Called Strike
1-1: Ball
2-1: Foul Ball, location: 2F
2-2: Ground out 4-3 (Groundball, 4M)
Bottom of the 3rd over - 8 runs, 6 hits, 0 errors, 2 left on base; Alloway 1 - Pennsauken 8
TOP OF THE 4TH
Alloway Halberds batting - Pitching for Pennsauken Flyers : RHP Jeren Kendall
Batting: RHB Carlos De Jesús 0-0: Ball
1-0: Ball
2-0: Called Strike
2-1: Foul Ball, location: 2F
2-2: Ball
3-2: Foul Ball, location: 2F
3-2: Foul Ball, location: 2F
3-2: Foul Ball, location: 2F
3-2: SINGLE (Line Drive, 78S)
Batting: RHB Juan Salinas 0-0: SINGLE (Line Drive, 7LS)
Carlos De Jesús to second
Batting: RHB Carlos Ramírez 0-0: Fly out, F9 (Flyball, 89M)
Batting: RHB Octávio Beltzán 0-0: Ball
1-0: Grounds into double play, 4-6-3 (Groundball, 4)
Top of the 4th over - 0 runs, 2 hits, 0 errors, 1 left on base; Alloway 1 - Pennsauken 8
BOTTOM OF THE 4TH
Pennsauken Flyers batting - Pitching for Alloway Halberds : RHP Martin Besnier
Batting: LHB Arana Sashi 0-0: Ball
1-0: Ball
2-0: Ground out 3-1 (Groundball, 34)
Batting: SHB Chris Williamson 0-0: Ball
1-0: Ball
2-0: Called Strike
2-1: Ground out U3 (Groundball, 3L)
Batting: RHB Raúl Moreno 0-0: SINGLE (Groundball, 56D)
Batting: RHB Clarence Therrien 0-0: Swinging Strike
0-1: Foul Ball, location: 2F
0-2: Ball
1-2: Foul Ball, location: 2F
1-2: Foul Ball, location: 2F
1-2: Ball
2-2: Ball
3-2: Base on Balls
Raúl Moreno to second
Batting: RHB Roy McFerran 0-0: Ball
1-0: Called Strike
1-1: Ball
2-1: DOUBLE (Line Drive, 7LS)
Raúl Moreno scores
Clarence Therrien to third
Runner from 3rd tries for Home, SAFE, no throw
Batting: RHB Raúl Javier Jr. 0-0: Called Strike
0-1: Ball
1-1: Fly out, F6 (Line Drive, 6)
Bottom of the 4th over - 2 runs, 2 hits, 0 errors, 1 left on base; Alloway 1 - Pennsauken 10
TOP OF THE 5TH
Alloway Halberds batting - Pitching for Pennsauken Flyers : RHP Jeren Kendall
Batting: RHB Bass Reeves 0-0: Called Strike
0-1: Ball
1-1: Foul Ball, location: 2F
1-2: Ball
2-2: Strikes out swinging
Batting: RHB Cisco Hernández 0-0: Called Strike
0-1: Ball
1-1: Ball
2-1: Ball
3-1: Base on Balls
Batting: LHB Mike Clifton 0-0: Foul Ball, location: 2F
0-1: Ball
1-1: Ball
2-1: Fly out, F5 (Line Drive, 56S)
Batting: RHB Manny Gonzáles 0-0: Ball
Cisco Hernández steals 2nd base
1-0: Called Strike
1-1: Foul Ball, location: 2F
1-2: Ball
2-2: Foul Ball, location: 2F
2-2: Ground out 4-3 (Groundball, 4S)
Top of the 5th over - 0 runs, 0 hits, 0 errors, 1 left on base; Alloway 1 - Pennsauken 10
BOTTOM OF THE 5TH
Pennsauken Flyers batting - Pitching for Alloway Halberds : RHP Martin Besnier
Batting: RHB Leo Cadden 0-0: Ball
1-0: Called Strike
1-1: Ball
2-1: Swinging Strike
2-2: Strikes out swinging
Batting: LHB Ignacio Martínez 0-0: Ball
1-0: Foul Ball, location: 2F
1-1: Foul Ball, location: 2F
1-2: Ball
2-2: Ball
3-2: Base on Balls
Batting: RHB José Rodríguez 0-0: Called Strike
0-1: Ball
1-1: Foul Ball, location: 2F
1-2: Ball
2-2: Foul Ball, location: 2F
2-2: Ball
3-2: SINGLE (Line Drive, 56)
Ignacio Martínez to second
Ignacio Martínez to third
Pitching: RHP Domingo Álvarez
Batting: LHB Arana Sashi 0-0: Ball
1-0: Called Strike
1-1: Ball
2-1: Foul Ball, location: 2F
2-2: Ball
3-2: Foul Ball, location: 2F
3-2: Foul Ball, location: 2F
3-2: Base on Balls
José Rodríguez to second
Batting: SHB Chris Williamson 0-0: Swinging Strike
0-1: Foul Ball, location: 2F
0-2: SINGLE (Line Drive, 7S)
Ignacio Martínez scores
José Rodríguez to third
Arana Sashi to second
Batting: RHB Raúl Moreno 0-0: Grounds into double play, 5-4-3 (Groundball, 56)
Bottom of the 5th over - 1 run, 2 hits, 0 errors, 2 left on base; Alloway 1 - Pennsauken 11
TOP OF THE 6TH
Alloway Halberds batting - Pitching for Pennsauken Flyers : RHP Jeren Kendall
Batting: LHB José Zarate 0-0: Ball
1-0: Swinging Strike
1-1: Called Strike
1-2: Fly out, F5 (Line Drive, 56)
Batting: RHB Carlos De Jesús 0-0: Ball
1-0: Ground out U3 (Groundball, 34)
Batting: RHB Juan Salinas 0-0: Ball
1-0: Ball
2-0: Swinging Strike
2-1: Foul Ball, location: 2F
2-2: Ground out 4-3 (Groundball, 4)
Top of the 6th over - 0 runs, 0 hits, 0 errors, 0 left on base; Alloway 1 - Pennsauken 11
BOTTOM OF THE 6TH
Pennsauken Flyers batting - Pitching for Alloway Halberds : RHP Domingo Álvarez
Batting: RHB Clarence Therrien 0-0: Ball
1-0: Ball
2-0: Ball
3-0: Base on Balls
Batting: RHB Roy McFerran 0-0: Called Strike
0-1: Foul Ball, location: 2F
0-2: Ball
1-2: Fly out, F6 (Popup, 6D)
Batting: RHB Raúl Javier Jr. 0-0: Fly out, F9 (Flyball, 9)
Batting: RHB Leo Cadden 0-0: Fly out, F8 (Flyball, 8LD)
Bottom of the 6th over - 0 runs, 0 hits, 0 errors, 1 left on base; Alloway 1 - Pennsauken 11
TOP OF THE 7TH
Alloway Halberds batting - Pitching for Pennsauken Flyers : RHP Jeren Kendall
Batting: RHB Carlos Ramírez 0-0: Ball
1-0: Foul Ball, location: 2F
1-1: SINGLE (Groundball, 56D)
Batting: RHB Octávio Beltzán 0-0: Ball
1-0: SINGLE (Groundball, 25) (infield hit)
Carlos Ramírez to second
Batting: RHB Bass Reeves 0-0: Ball
1-0: Ball
2-0: Foul Ball, location: 2F
2-1: Foul Ball, location: 2F
2-2: Strikes out swinging
Pitching: RHP Will O'Slattery
Batting: RHB Cisco Hernández 0-0: Called Strike
0-1: Foul Ball, location: 2F
0-2: Fielders Choice at 2nd, 6-4 (Groundball, 6)
Carlos Ramírez to third
Batting: LHB Mike Clifton 0-0: Ball
1-0: Swinging Strike
1-1: Fielders Choice at 2nd, 6-4 (Groundball, 6)
Top of the 7th over - 0 runs, 2 hits, 0 errors, 2 left on base; Alloway 1 - Pennsauken 11
BOTTOM OF THE 7TH
Pennsauken Flyers batting - Pitching for Alloway Halberds : RHP Domingo Álvarez
Batting: LHB Ignacio Martínez 0-0: Ball
1-0: Swinging Strike
1-1: Ball
2-1: Ground out 4-3 (Groundball, 4)
Batting: RHB José Rodríguez 0-0: Ball
1-0: Foul Ball, location: 2F
1-1: Ball
2-1: Ball
3-1: Ground out 4-3 (Groundball, 4S)
Batting: LHB Arana Sashi 0-0: Called Strike
0-1: Ball
1-1: Called Strike
1-2: Ball
2-2: Foul Ball, location: 2F
2-2: Ball
3-2: Base on Balls
Batting: SHB Chris Williamson 0-0: Ball
1-0: Foul Ball, location: 2F
1-1: Foul Ball, location: 2F
1-2: Ball
Arana Sashi steals 2nd base
2-2: Ball
3-2: Base on Balls
Batting: RHB Raúl Moreno 0-0: Called Strike
0-1: Foul Ball, location: 2F
0-2: Ball
1-2: Strikes out looking
Bottom of the 7th over - 0 runs, 0 hits, 0 errors, 2 left on base; Alloway 1 - Pennsauken 11
TOP OF THE 8TH
Alloway Halberds batting - Pitching for Pennsauken Flyers : RHP Will O'Slattery
Batting: RHB Manny Gonzáles 0-0: Ball
1-0: SINGLE (Groundball, 6MD)
Batting: LHB José Zarate 0-0: Ball
1-0: DOUBLE (Line Drive, 89XD)
Manny Gonzáles to third
Batting: RHB Carlos De Jesús 0-0: Foul Ball, location: 2F
0-1: Ball
1-1: Ball
2-1: Foul Ball, location: 2F
2-2: Foul Ball, location: 2F
2-2: Ball
3-2: Foul Ball, location: 2F
3-2: Ground out 1-3 (Groundball, P)
Batting: RHB Juan Salinas 0-0: Ball
1-0: Called Strike
1-1: Ball
2-1: Foul Ball, location: 2F
2-2: Foul Ball, location: 2F
2-2: Ball
3-2: Base on Balls
Batting: RHB Carlos Ramírez 0-0: Ball
1-0: Ball
2-0: Ball
3-0: Called Strike
3-1: Called Strike
3-2: Grounds into double play, 6-4-3 (Groundball, 6)
Top of the 8th over - 0 runs, 2 hits, 0 errors, 2 left on base; Alloway 1 - Pennsauken 11
BOTTOM OF THE 8TH
Pennsauken Flyers batting - Pitching for Alloway Halberds : RHP Domingo Álvarez
Batting: RHB Clarence Therrien 0-0: Foul Ball, location: 2F
0-1: Fly out, F7 (Flyball, 78M)
Batting: RHB Roy McFerran 0-0: Called Strike
0-1: Foul Ball, location: 2F
0-2: Ball
1-2: Ball
2-2: Ball
3-2: Strikes out swinging
Batting: RHB Raúl Javier Jr. 0-0: Foul Ball, location: 2F
0-1: Swinging Strike
0-2: Fly out, F9 (Flyball, 9S)
Bottom of the 8th over - 0 runs, 0 hits, 0 errors, 0 left on base; Alloway 1 - Pennsauken 11
TOP OF THE 9TH
Alloway Halberds batting - Pitching for Pennsauken Flyers : RHP Will O'Slattery
Now at 1B: Raúl Guerrero
Batting: RHB Octávio Beltzán 0-0: Ball
1-0: SINGLE (Groundball, 56D)
Batting: RHB Bass Reeves 0-0: Ball
1-0: Swinging Strike
1-1: Ball
2-1: SINGLE (Line Drive, 9S)
Octávio Beltzán to second
Batting: RHB Cisco Hernández 0-0: Ball
1-0: Foul Ball, location: 2F
1-1: Ball
2-1: Ball
3-1: Swinging Strike
3-2: Base on Balls
Octávio Beltzán to third
Bass Reeves to second
Batting: LHB Mike Clifton 0-0: Foul Ball, location: 2F
0-1: Swinging Strike
0-2: Ball
1-2: SINGLE (Line Drive, 9LM)
Octávio Beltzán scores
Bass Reeves to third
Cisco Hernández to second
Batting: RHB Manny Gonzáles 0-0: Ground out 3-1 (Groundball, 34S)
Bass Reeves scores
Cisco Hernández to third
Mike Clifton to second
Batting: LHB José Zarate 0-0: Ball
1-0: Foul Ball, location: 2F
1-1: Ball
2-1: Ground out 6-3 (Groundball, 6MS)
Cisco Hernández scores
Mike Clifton to third
Batting: RHB Carlos De Jesús 0-0: Fly out, F4 (Popup, 34)
Top of the 9th over - 3 runs, 3 hits, 0 errors, 1 left on base; Alloway 4 - Pennsauken 11
Friday, March 29th, 2019 - OOTP Baseball 18.8 Build 76